Map: Lerilak Crest

Players

Grumm

  • Race: Protoss Protoss
  • League: Gold

PAperTabs - Winner!

  • Race: Zerg Zerg
  • League: Gold

VOD

Have the link to the VOD?

Description

Time

  • Played on: Feb. 1, 2016, 7:17 p.m.
  • Length: 10:56
Show
View Real Time Build Order
Export as new Build Order

Grumm Protoss 

Build Orders: 1 Gate Expand 

Get SALT Encoding   

  12  0:01  Probe (Chrono Boost)  
  13  0:12  Probe (Chrono Boost)  
  14  0:25  Pylon  
  14  0:43  Gateway  
  14  0:45  Gateway  
  14  1:05  Probe (Chrono Boost)  
  14  1:09  Assimilator  
  15  1:26  Nexus  
  17  1:34  Zealot (Chrono Boost)  
  17  1:38  Zealot (Chrono Boost)  
  19  1:41  Probe  
  20  1:55  Cybernetics Core  
  20  2:06  Pylon  
  20  2:14  Probe (Chrono Boost)  
  21  2:29  Forge  
  21  2:31  Pylon  
  21  2:36  Warp Gate (Chrono Boost)  
  21  2:48  Probe (Chrono Boost)  
  21  2:50  Probe (Chrono Boost)  
  23  2:55  Pylon  
  23  2:59  Gateway  
  23  3:15  Probe (Chrono Boost)  
  23  3:16  Probe (Chrono Boost)  
  25  3:23  Stalker  
  25  3:24  Zealot  
  25  3:28  Protoss Ground Weapons Level 1 (Chrono Boost)  
  25  3:42  Gateway  
  25  3:48  Gateway  
  25  4:02  Gateway  
  25  4:06  Photon Cannon  
  25  4:13  Probe  
  26  4:17  Probe  
  26  4:23  Probe  
  27  4:27  Assimilator  
  27  4:29  Probe  
  29  4:34  Probe  
  30  4:41  Probe  
  30  4:43  Stalker, Zealot  
  35  4:49  Adept  
  37  4:59  Stargate  
  37  5:01  Pylon  
  37  5:02  Probe  
  38  5:11  Stalker  
  40  5:19  Zealot  
  42  5:24  Twilight Council  
  42  5:26  Assimilator  
  42  5:35  Probe  
  42  5:37  Probe  
  44  5:46  Probe  
  44  5:48  Assimilator  
  46  5:50  Probe  
  46  5:56  Probe  
  46  6:02  Probe  
  48  6:07  Probe  
  48  6:10  Oracle  
  50  6:12  Zealot x3  
  50  6:13  Zealot x2  
  50  6:17  Probe  
  50  6:18  Probe  
  51  6:24  Pylon  
  52  6:28  Pylon  
  43  6:59  Stalker x3  
  43  7:01  Stalker  
  45  7:14  Probe  
  45  7:15  Probe  
  40  7:24  Probe  
  40  7:28  Dark Shrine  
  40  7:29  Probe  
  40  7:35  Probe  
  40  7:41  Probe  
  41  7:46  Photon Cannon  
  41  7:49  Probe  
  42  7:53  Probe  
  43  8:07  Probe  
  43  8:08  Probe  
  45  8:17  Probe  
  46  8:21  Probe  
  46  8:22  Pylon  
  47  8:28  Probe  
  47  8:33  Probe  
  49  8:38  Probe  
  46  8:45  Probe  
  46  8:47  Photon Cannon  
  47  8:49  Probe  
  47  8:50  Dark Templar x2  
  52  9:10  Void Ray, Probe  
  52  9:12  Probe  
  52  9:16  Photon Cannon  
  58  9:20  Probe  
  57  9:52  Probe  
  57  9:54  Probe  
  57  9:56  Void Ray  
  63  10:03  Probe  
  63  10:06  Probe  
  63  10:13  Probe  
  63  10:14  Dark Templar x2  
  65  10:15  Zealot x2  
  65  10:16  Zealot x2  
  65  10:18  Probe  
  67  10:37  Stalker x3  
  67  10:38  Stalker  
Show
View Real Time Build Order
Export as new Build Order

PAperTabs Zerg - Winner!

Build Orders: 3 Hatch before Pool 

Get SALT Encoding   

  12  0:01  Drone  
  13  0:13  Drone  
  14  0:27  Overlord  
  14  0:30  Extractor  
  14  0:31  Drone  
  15  0:47  Drone x2  
  17  1:05  Hatchery  
  17  1:11  Drone x2  
  18  1:36  Hatchery  
  17  1:44  Spawning Pool  
  17  1:46  Extractor  
  15  1:56  Overlord  
  15  1:57  Drone  
  15  1:59  Drone  
  17  2:31  Zergling x10  
  17  2:32  Queen  
  24  2:39  Spine Crawler  
  24  2:56  Zergling x4  
  25  3:19  Queen  
  24  3:26  Drone  
  26  3:27  Drone  
  26  3:43  Drone x5  
  31  3:54  Drone x3  
  34  4:12  Metabolic Boost  
  34  4:21  Drone x7  
  41  4:30  Overlord x2  
  41  4:51  Spine Crawler  
  40  4:53  Spine Crawler  
  40  4:54  Spine Crawler  
  38  5:10  Overlord  
  38  5:12  Zergling x2  
  38  5:13  Zergling x14, Baneling Nest  
  45  5:24  Queen  
  45  5:28  Drone x3  
  48  5:29  Drone x2  
  51  5:44  Zergling x14  
  51  5:48  Roach Warren  
  57  5:58  Overlord x2  
  53  6:12  Drone  
  53  6:13  Drone x4  
  57  6:21  Drone x7  
  64  6:26  Lair  
  64  6:29  Overlord x2  
  59  6:48  Baneling  
  59  6:49  Baneling  
  59  7:00  Roach  
  59  7:01  Roach x11  
  77  7:11  Spore Crawler  
  69  7:26  Extractor  
  68  7:31  Spore Crawler  
  68  7:34  Spore Crawler  
  68  7:35  Overlord  
  66  7:44  Ravager  
  67  7:46  Hatchery  
  66  7:53  Roach x2  
  70  8:01  Roach, Extractor x2  
  70  8:02  Overlord x2, Roach  
  70  8:03  Overlord  
  70  8:05  Drone x8  
  80  8:32  Roach x2  
  80  8:33  Roach x4  
  91  8:47  Ravager  
  92  8:57  Queen  
  94  9:05  Glial Reconstitution  
  94  9:07  Roach  
  94  9:08  Zergling x2, Roach x3  
  94  9:09  Zergling x10  
  108  9:22  Overseer x2  
  103  9:45  Spine Crawler  
  103  9:47  Overlord x3  
  103  9:48  Roach  
  103  9:49  Roach x7  
  116  9:53  Queen  
  116  9:56  Hydralisk Den  
  116  9:58  Drone x3  
  116  9:59  Roach  
  126  10:00  Roach x2  
  125  10:12  Ravager x2  
  127  10:14  Ravager  
  126  10:32  Roach x2  
  126  10:33  Roach x5  
Tags
 
Add a new tag
Caveats
  • Supply blocks, unpowered buildings, or Contaminate may cause inaccurate times.
  • Supply counts are checked every 10 seconds.